 Dungeon Crawl Stone Soup version 0.29-a0-96-g93358da72b (webtiles) character file.

Game seed: 2933627769107230002

1864 Jesewer the Cleaver (level 8, -4/75 HPs)
             Began as a Minotaur Fighter on Feb 11, 2022.
             Slain by a four-headed hydra (11 damage)
             ... on level 7 of the Dungeon.
             The game lasted 00:50:36 (6849 turns).

Jesewer the Cleaver (Minotaur Fighter)              Turns: 6849, Time: 00:50:37

Health: -4/75      AC: 10    Str: 29    XL:     8   Next: 90%
Magic:  7/7        EV:  9    Int: 11    God:
Gold:   479        SH:  5    Dex: 10    Spells: 7/7 levels left

rFire   . . .      SeeInvis .   a - +0 war axe
rCold   . . .      Faith    .   c - +0 buckler
rNeg    . . .      Spirit   .   l - +0 chain mail
rPois   .          Reflect  .   (helmet restricted)
rElec   .          Harm     .   (no cloak)
rCorr   .          Rampage  .   (no gloves)
Will    .....      Rage     1%  (no boots)
Stlth   ..........              p - amulet of the acrobat
HPRegen 0.22/turn               m - +6 ring of strength
MPRegen 0.10/turn               t - +6 ring of intelligence

@: mighty, studying Fighting, unable to read
A: horns 2, retaliatory headbutt, berserk 1, inability to read while threatened
a: no special abilities


You were on level 7 of the Dungeon.
You visited 2 branches of the dungeon, and saw 8 of its levels.

You collected 479 gold pieces.

Inventory:

Hand Weapons
 a - a +0 war axe (weapon)
 y - a +1 mace of holy wrath
Missiles
 f - 40 bolts
 g - 14 poisoned darts
 q - a throwing net (quivered)
 w - 7 boomerangs
Armour
 b - a +1 ring mail of poison resistance
 c - a +0 buckler (worn)
 h - a +1 leather armour of fire resistance
 l - a +0 chain mail (worn)
Magical Staves
 s - a staff of earth
Jewellery
 j - a ring of resist corrosion
 m - a +6 ring of strength (left hand)
 p - an amulet of the acrobat (around neck)
 t - a +6 ring of intelligence (right hand)
Wands
 k - a wand of acid (8)
 x - a wand of flame (19)
Scrolls
 i - a scroll of teleportation
 n - a scroll of holy word
 o - 3 scrolls of noise
 u - 2 scrolls of vulnerability
 v - 5 scrolls of identify
 A - a scroll of blinking
Potions
 d - 2 potions of might
 r - a potion of flight


   Skills:
 + Level 8.4 Fighting
 + Level 8.9 Axes
 + Level 1.2 Throwing
 + Level 7.9 Armour
 + Level 3.3 Dodging
 + Level 0.4 Stealth
 + Level 5.3 Shields


You had 7 spell levels left.
You didn't know any spells.
Your spell library contained the following spells:

 Spells                   Type           Power      Damage    Failure   Level
 Blink                    Tloc           0%         N/A       97%         2
 Lesser Beckoning         Tloc           0%         N/A       99%         3
 Blade Hands              Tmut           0%         N/A       100%        5
 Irradiate                Conj/Tmut      0%         3d13      100%        5
 Manifold Assault         Tloc           0%         N/A       100%        5
 Dragon Form              Tmut           0%         N/A       100%        7


Dungeon Overview and Level Annotations

Branches:
Dungeon (7/15)             Temple (1/1) D:4

Altars:
Dithmenos
Fedhas
Gozag
Hepliaklqana
Kikubaaqudgha
Makhleb
Nemelex Xobeh
Okawaru
Ru
Trog
Wu Jian
Xom


Innate Abilities, Weirdness & Mutations

You have a pair of horns on your head.
You reflexively headbutt those who attack you in melee.
You tend to lose your temper in combat.
You sometimes lose the ability to read scrolls when taking damage.


Message History

Throw: 3 darts (curare)
Press: ? - help, Q - select action, (/) - cycle Shift-Dir - straight line, f/p - two-headed ogre
Aim: a two-headed ogre, wielding a +0 giant club and a +0 giant spiked club (almost dead, poisoned, 74% to hit)
You throw a curare-tipped dart.
The curare-tipped dart hits the two-headed ogre.
The two-headed ogre looks even sicker.
The two-headed ogre convulses.
You kill the two-headed ogre!
Your Fighting skill increases to level 8!
Your Throwing skill increases to level 1!
Your Armour skill increases to level 7!
Throw: 2 darts (curare)
Press: ? - help, Q - select action, (/) - cycle Shift-Dir - straight line, f - four-headed hydra
Aim: a four-headed hydra (79% to hit)
You throw a curare-tipped dart.
The curare-tipped dart hits the four-headed hydra.
The four-headed hydra closely misses you.
The four-headed hydra bites you. x2
* * * LOW HITPOINT WARNING * * *
The four-headed hydra bites you but does no damage.
Throw: dart (curare)
Press: ? - help, Q - select action, (/) - cycle Shift-Dir - straight line, f/p - four-headed hydra
Aim: a four-headed hydra (79% to hit)
You throw a curare-tipped dart.
The curare-tipped dart hits the four-headed hydra.
The four-headed hydra completely misses you.
You block the four-headed hydra's attack.
The four-headed hydra bites you.
* * * LOW HITPOINT WARNING * * *
The four-headed hydra bites you!
* * * LOW HITPOINT WARNING * * *
Throw: 2 throwing nets
Press: ? - help, Q - select action, (/) - cycle Shift-Dir - straight line, f/p - four-headed hydra
Aim: a four-headed hydra (79% to hit, immune to nets)
You throw a throwing net.
The throwing net hits the four-headed hydra.
The four-headed hydra is too large for the net to hold!
The four-headed hydra bites you.
* * * LOW HITPOINT WARNING * * *
The four-headed hydra bites you!
You die...

..##.......#
#..###### #(.##
#. #...# #..##
#...#######
#...#.........#
#.....#..####.#
#...#.......#.#
#..####.#9..#.#@#
#. #.#...#.#D####
#.#..g#.#g9(9#
#.#...Z.####.#
#.#.....####.#
#.###...g9...#
#.......######
########


You could see a four-headed hydra, a gargoyle and a gnoll.

Vanquished Creatures
  A two-headed ogre (D:7)
  A water moccasin (D:6)
  An orc warrior (D:7)
  A black bear (D:4)
  A phantom (D:6)
  2 bullfrogs
  A scorpion (D:5)
  A water moccasin zombie (D:4)
  A wyvern skeleton (D:7)
  2 centaur zombies
  A centaur skeleton (D:5)
  Crazy Yiuf (D:5)
  3 hounds
  A jelly (D:6)
  An iguana (D:5)
  A bullfrog skeleton (D:6)
  4 orc wizards
  Ijyb (D:5)
  A scorpion zombie (D:5)
  2 howler monkey zombies
  3 gnolls (D:4)
  2 adders
  A shadow imp (D:7)
  4 white imps
  An ufetubus (D:6)
  3 worms
  4 dart slugs
  10 orcs
  5 ball pythons
  6 endoplasms
  3 giant cockroaches
  6 goblins
  6 hobgoblins
  2 bats
  5 frilled lizards
  A kobold (D:1)
  5 rats
95 creatures vanquished.

Notes
Turn   | Place    | Note
-------+----------+-------------------------------------------
     0 | D:1      | Jesewer the Minotaur Fighter began the quest for the Orb.
     0 | D:1      | Reached XP level 1. HP: 19/19 MP: 0/0
    63 | D:1      | Found a faded altar of an unknown god.
   367 | D:1      | Reached XP level 2. HP: 27/27 MP: 1/1
  1154 | D:2      | Reached XP level 3. HP: 28/33 MP: 2/2
  1744 | D:3      | Found a shimmering altar of Xom.
  1808 | D:3      | Reached XP level 4. HP: 39/41 MP: 3/3
  2627 | D:4      | Found a staircase to the Ecumenical Temple.
  2639 | D:4      | Identified a scroll of acquirement
  2639 | D:4      | Acquired a manual of Fighting
  2820 | D:4      | Reached skill level 5 in Fighting
  2820 | D:4      | Reached XP level 5. HP: 36/48 MP: 4/4
  2921 | D:4      | Noticed a black bear
  2931 | D:4      | Killed a black bear
  2932 | D:4      | Reached skill level 1 in Dodging
  3043 | D:4      | Reached skill level 5 in Axes
  3043 | D:4      | Reached XP level 6. HP: 51/56 MP: 5/5
  3396 | Temple   | Entered the Ecumenical Temple
  3740 | D:5      | Entered Level 5 of the Dungeon
  4192 | D:5      | Found a blossoming altar of Fedhas.
  4449 | D:5      | Reached skill level 5 in Armour
  4697 | D:5      | Noticed Ijyb
  4704 | D:5      | Killed Ijyb
  4705 | D:5      | Reached XP level 7. HP: 52/66 MP: 6/6
  4968 | D:5      | Found a runed translucent door.
  4968 | D:5      | Noticed Crazy Yiuf
  4974 | D:5      | Killed Crazy Yiuf
  5100 | D:5      | Found a burning altar of Makhleb.
  5633 | D:6      | Reached skill level 5 in Shields
  6046 | D:6      | Reached XP level 8. HP: 60/73 MP: 7/7
  6732 | D:7      | Gained mutation: You sometimes lose the ability to read
                  | scrolls when taking damage. [potion of mutation]
  6732 | D:7      | Gained mutation: You tend to lose your temper in combat.
                  | [potion of mutation]
  6814 | D:7      | Noticed a two-headed ogre
  6817 | D:7      | Noticed a four-headed hydra
  6827 | D:7      | Noticed a gargoyle
  6844 | D:7      | Killed a two-headed ogre
  6845 | D:7      | Reached skill level 1 in Throwing
  6849 | D:7      | Slain by a four-headed hydra

Illustrated notes

Levels and vault maps discovered:
D:1:      psy_arrival_radial01, layout_loops_corners,
          hellmonk_ecumenical_altar_arch_garden, minmay_3d_cube
D:2:      layout_basic
D:3:      layout_basic, amcnicky_altar_gilded, interstate_on_off,
          nrook_mini_vaults
D:4:      layout_rooms, minmay_temple_entry_sparse_star
D:5:      layout_loops_corners, lemuel_crystal_altar, lemuel_crystal_altar,
          uniq_ijyb, uniq_crazy_yiuf_cottage
D:6:      layout_basic
D:7:      minmay_blocky_corners, layout_basic, nicolae_elevator_lobby_plus
Temple:   compressed_dpeg_triangle_lava_temple

Skill      XL: |  1  2  3  4  5  6  7  8 |
---------------+-------------------------+-----
Shields        | 4 5 |  5.3
Armour         | 4 5 7 |  7.9
Fighting       | 4 5 7 8 |  8.4
Axes           | 3 4 5 6 7 8 |  8.9
Dodging        | 1 3 |  3.3
Throwing       | 1 |  1.2
Stealth        | |  0.4

Action                   |  1- 3 |  4- 6 |  7- 9 || total
-------------------------+-------+-------+-------++-------
Melee: War axe           |    68 |   109 |    89 ||   266
       Headbutt          |     4 |    20 |    13 ||    37
       Staff             |       |     3 |       ||     3
Throw: Dart              |       |     2 |     7 ||     9
       Throwing net      |       |       |     1 ||     1
  Use: Potion            |     2 |       |     6 ||     8
       Scroll            |     1 |     7 |     3 ||    11
Armor: Scale mail        |     5 |       |       ||     5
       Leather armour    |    14 |     4 |       ||    18
       Chain mail        |       |    45 |    41 ||    86
Dodge: Dodged            |    28 |    38 |    50 ||   116
Block: Buckler           |    14 |    30 |    25 ||    69

Table legend: (Time is in decaauts)
 A = Elapsed time spent in this place.
 B = Non-inter-level travel time spent in this place.
 C = Inter-level travel time spent in this place.
 D = Time resting spent in this place.
 E = Time spent auto-exploring this place.
 F = Levels seen in this place.
 G = Mean time per level.
                   A        B        C        D        E       F      G
               +--------+--------+--------+--------+--------+-----+--------+
         Total |   6933 |   6552 |    381 |    666 |   4684 |   8 |  866.6 |
       Dungeon |   6600 |   6235 |    365 |    666 |   4388 |   7 |  942.9 |
        Temple |    332 |    316 |     16 |      0 |    296 |   1 |  332.0 |
               +--------+--------+--------+--------+--------+-----+--------+

Top non-repeatable levels by time:
     D:5: 1481 daAuts
     D:6: 1223 daAuts
     D:1: 1097 daAuts
     D:4: 934 daAuts
     D:3: 751 daAuts
     D:2: 672 daAuts
     D:7: 439 daAuts
  Temple: 332 daAuts
